AoeStats
← mabelmastiff

Black Forest

506796530Analyzed
4v4 RM · 19d ago on Sep 15, 2026· 61m 50s· 8 players
Game mode
Random Map
Map size
Large (8 player)
Population
200
Speed
Normal
Resources
Standard
Victory
Conquest
Starting age
Dark Age
Ending age
Imperial Age
RankedLock teamsTeams togetherTeam positionsShared explorationLock speedFull tech treeHidden civsTurbo modeCheats
Victory
Defeat
🇲🇽 Bohemians · Mexico
823
+16
🇨🇳 Franks · China
815
+17
🇲🇽 Khmer · Mexico
753
+19
🇺🇸 Franks · United States
747
+20
🇺🇸 Gurjaras · United States
858
-19
🇲🇽 Wu · Mexico
847
-19
🇨🇳 Bohemians · China
805
-26
🇨🇳 Franks · China
804
-17
DarkOmega93
1:00 Loom
14:36 Feudal Age
19:14 Castle Age
29:58 Double-Bit Axe
30:06 Stone Mining
30:08 Gold Mining
30:00 Horse Collar
33:02 Imperial Age
31:27 Wheelbarrow
30:38 Town Watch
33:12 Hand Cart
33:21 Heavy Scorpion
36:50 Heavy Plow
42:15 Gold Shaft Mining
42:16 Stone Shaft Mining
44:03 Conscription
43:04 Elite Ballista Elephant
43:45 Double Crossbow
46:39 Forging
46:32 Scale Mail Armor
46:40 Scale Barding Armor
46:28 Fletching
47:04 Tusk Swords
47:14 Bodkin Arrow
48:03 Murder Holes
48:30 Ballistics
48:20 Fortified Wall
49:11 Chemistry
48:23 Masonry
48:19 Siege Engineers
48:29 Fortified Wall
51:04 Iron Casting
50:51 Chain Barding Armor
50:34 Bracer
53:27 Bow Saw
61:32 Caravan
0816victorhugo
2:04 Loom
13:40 Feudal Age
14:08 Horse Collar
14:15 Double-Bit Axe
19:29 Castle Age
20:37 Heavy Plow
20:48 Bow Saw
23:43 Town Watch
26:34 Wheelbarrow
26:21 Elite Skirmisher
28:49 Hand Cart
29:08 Caravan
29:39 Coinage
32:06 Imperial Age
30:13 Town Patrol
31:14 Padded Archer Armor
31:27 Forging
32:35 Leather Archer Armor
32:11 Fletching
33:46 Chemistry
33:07 Ballistics
32:43 Murder Holes
33:31 Iron Casting
34:45 Two-Man Saw
40:59 Ring Archer Armor
41:30 Blast Furnace
40:26 Bodkin Arrow
41:30 Banking
41:10 Guilds
43:24 Masonry
43:26 Siege Engineers
44:16 Bracer
44:22 Scale Barding Armor
44:48 Houfnice
46:14 Chain Barding Armor
45:23 Elite Hussite Wagon
46:09 Wagenburg Tactics
46:09 Hussite Reforms
47:38 Scale Mail Armor
50:09 Houfnice
59:42 Chain Mail Armor
59:11 Treadmill Crane
60:02 Architecture
59:44 Fortified Wall
mabelmastiff
2:32 Loom
13:19 Feudal Age
13:48 Double-Bit Axe
20:04 Castle Age
20:29 Wheelbarrow
20:22 Town Watch
22:32 Bow Saw
22:29 Caravan
32:28 Imperial Age
30:17 Gold Mining
30:35 Husbandry
30:58 Murder Holes
31:29 Ballistics
32:32 Cavalier
33:46 Forging
33:36 Scale Mail Armor
34:24 Fortified Wall
34:21 Scale Barding Armor
36:14 Chemistry
35:39 Conscription
35:57 Hoardings
35:11 Light Cavalry
36:19 Stone Mining
37:05 Gold Shaft Mining
37:01 Chain Barding Armor
38:57 Paladin
41:58 Hand Cart
46:14 Chain Mail Armor
52:32 Chivalry
57:18 Plate Mail Armor
57:23 Plate Barding Armor
sujing810
0:29 Loom
13:09 Feudal Age
15:22 Wheelbarrow
14:34 Double-Bit Axe
19:03 Castle Age
18:40 Gold Mining
18:45 Stone Mining
20:16 Bow Saw
22:09 Fervor
26:09 Hand Cart
28:14 Gold Shaft Mining
35:14 Imperial Age
34:23 Forging
34:14 Scale Mail Armor
34:20 Scale Barding Armor
36:15 Chivalry
36:35 Conscription
35:37 Cavalier
35:40 Pikeman
36:21 Squires
37:13 Halberdier
39:02 Chemistry
38:07 Siege Engineers
38:13 Fortified Wall
38:14 Masonry
38:00 Murder Holes
38:26 Ballistics
38:53 Iron Casting
38:39 Chain Barding Armor
38:34 Chain Mail Armor
38:01 Paladin
38:42 Husbandry
38:18 Elite Throwing Axeman
40:50 Blast Furnace
40:26 Plate Barding Armor
40:21 Plate Mail Armor
40:24 Coinage
39:54 Caravan
44:53 Banking
58:58 #83
58:27 Arson
58:27 Gambesons
58:05 Heavy Scorpion
58:05 Capped Ram
Neto
1:11 Loom
13:28 Feudal Age
15:54 Double-Bit Axe
20:31 Castle Age
19:38 Fletching
19:32 Horse Collar
19:48 Gold Mining
21:47 Bodkin Arrow
24:05 Heavy Plow
26:04 Padded Archer Armor
27:57 Leather Archer Armor
28:32 Bow Saw
30:29 Pikeman
32:58 Red Cliffs Tactics
33:09 Scale Mail Armor
33:47 Wheelbarrow
39:09 Imperial Age
40:06 Ballistics
39:57 Masonry
流口水
14:25 Feudal Age
19:48 Castle Age
19:19 Double-Bit Axe
25:23 Loom
27:38 Bow Saw
27:11 Horse Collar
29:39 Wheelbarrow
29:41 Heavy Plow
37:57 Imperial Age
36:03 Wheelbarrow
36:22 Fervor
36:34 Sanctity
36:32 Caravan
36:41 Fishing Lines
37:48 Wagenburg Tactics
39:00 Masonry
38:31 Treadmill Crane
39:53 Chemistry
39:25 Hand Cart
40:07 Conscription
40:59 Hussite Reforms
40:25 Sappers
42:05 Elite Hussite Wagon
43:21 Ballistics
42:58 Murder Holes
47:14 Squires
46:59 Arson
46:35 Pikeman
48:09 Siege Engineers
48:36 Architecture
48:27 Bombard Tower
47:57 Guard Tower
48:18 Fortified Wall
47:45 Halberdier
50:09 Houfnice
52:56 Man-at-Arms
54:31 Forging
54:22 Scale Mail Armor
54:28 Scale Barding Armor
54:17 Fletching
54:28 Padded Archer Armor
55:12 Long Swordsman
56:14 Two-Handed Swordsman
oxrollin
0:54 Loom
11:55 Feudal Age
13:13 Double-Bit Axe
17:40 Castle Age
17:16 Wheelbarrow
17:01 Fishing Lines
18:48 Bow Saw
20:39 Horse Collar
22:56 Heavy Plow
25:32 Gillnets
27:51 Hand Cart
27:25 Town Watch
30:06 Kshatriyas
31:38 Fletching
31:49 Padded Archer Armor
31:55 Scale Barding Armor
34:34 Imperial Age
32:05 Gold Mining
33:59 Caravan
34:25 Ballistics
34:19 Thumb Ring
34:16 Bodkin Arrow
34:37 Leather Archer Armor
34:43 Chain Barding Armor
35:31 Gold Shaft Mining
36:13 Frontier Guards
36:14 Conscription
36:19 Bracer
36:00 Elite Elephant Archer
37:03 Bloodlines
36:54 Husbandry
38:30 Chemistry
38:11 Plate Barding Armor
39:08 Town Patrol
39:56 Elite Chakram Thrower
42:14 Heavy Camel Rider
54:27 Forging
715113342
0:37 Loom
14:21 Feudal Age
19:14 Castle Age
20:20 Double-Bit Axe
20:33 Stone Mining
22:00 Bow Saw
22:16 Gold Mining
23:57 Gold Shaft Mining
26:08 Wheelbarrow
29:57 Hand Cart
30:00 Town Watch
33:53 Imperial Age
34:15 Pikeman
34:56 Squires
34:41 Arson
34:28 Elite Throwing Axeman
36:42 Chemistry
36:03 Ballistics
35:31 Arrowslits
36:08 Cavalier
36:48 Husbandry
38:18 #83
38:00 Chivalry
38:14 Paladin
40:00 Halberdier
45:32 Scale Barding Armor
45:27 Scale Mail Armor
45:38 Forging
45:18 Fletching
45:29 Padded Archer Armor
52:07 Chain Barding Armor
52:02 Chain Mail Armor
Connection lost

Rejoining the realm…

Still unreachable

The connection could not be restored.

Session expired

The server has moved on; the page needs a fresh start.